 Dungeon Crawl Stone Soup version 0.27-a0-1196-g3e9cee4cb2 (webtiles) character file.

Game seed: 4927700681903165033

1084 Ijustatesigmund the Cleaver (level 8, -9/64 HPs)
             Began as a Demonspawn Fighter on May 27, 2021.
             Mangled by a gargoyle
             ... wielding a +0 flail
              (25 damage)
             ... on level 5 of the Dungeon.
             The game lasted 00:05:29 (2478 turns).

Ijustatesigmund the Cleaver (Demonspawn Fighter)    Turns: 2478, Time: 00:05:29

Health: -9/64      AC:  7    Str: 16    XL:     8   Next: 8%
Magic:  8/8        EV:  7    Int: 11    God:
Gold:   110        SH:  8    Dex: 14    Spells: 7/7 levels left

rFire    . . .     SeeInvis .   a - +0 war axe
rCold    . . .     Faith    .   c - +0 kite shield
rNeg     . . .     Spirit   .   b - +0 scale mail
rPois    +         Reflect  .   (helmet restricted)
rElec    .         Harm     .   k - +0 cloak
rCorr    .         Rampage  .   (no gloves)
Will     .....                  (no boots)
Stlth    ..........             i - amulet of regeneration
HPRegen  1.20/turn              f - ring of poison resistance
MPRegen  0.22/turn              (no ring)

@: studying Axes
A: antennae 2, spiny 2, magic regeneration
a: no special abilities


You were on level 5 of the Dungeon.
You visited 1 branch of the dungeon, and saw 5 of its levels.

You collected 110 gold pieces.

Inventory:

Hand Weapons
 a - a +0 war axe (weapon)
Armour
 b - a +0 scale mail (worn)
 c - a +0 kite shield (worn)
 k - a +0 cloak (worn)
Jewellery
 f - a ring of poison resistance (left hand)
 i - an amulet of regeneration (around neck)
Potions
 d - 2 potions of curing {unknown}
 e - a potion of berserk rage {unknown}
 m - a potion of brilliance {unknown}


   Skills:
 - Level 6.1 Fighting
 * Level 8.9 Axes
 + Level 2.8 Armour
 + Level 0.4 Dodging
 - Level 2.6 Shields


You had 7 spell levels left.
You didn't know any spells.
Your spell library contained the following spells:

 Spells                   Type           Power      Damage    Failure   Level
 Magic Dart               Conj           0%         1d3       99%         1
 Searing Ray              Conj           0%         3d3       100%        2
 Dazzling Flash           Conj/Hex       0%         N/A       100%        3
 Fulminant Prism          Conj/Hex       0%         3d6       100%        4
 Iskenderun's Mystic Bla  Conj/Tloc      0%         2d3       100%        4


Dungeon Overview and Level Annotations

Branches:
Dungeon (6/15)
 Temple: D:4-7

Altars:
Qazlal
Zin
The Shining One

Annotations:
D:5 2 transporters


Innate Abilities, Weirdness & Mutations

You have a pair of antennae on your head.
You are mostly covered in sharp spines.
You regenerate magic rapidly.


Message History

You feel sick.
You feel sick.
You are no longer poisoned.
HP restored.
You see here a scorpion corpse.
A gargoyle comes into view. It is wielding a +0 flail.
Found a stone staircase leading up.
A sky beast comes into view.
The gargoyle hits you with a +0 flail!
Found 9 gold pieces.
You hit the gargoyle.
The gargoyle is lightly damaged.
The gargoyle hurls a stone arrow at you.
You block the stone arrow.
You hit the gargoyle but do no damage.
The gargoyle is lightly damaged.
The gargoyle is struck by your spines. The gargoyle closely misses you.
You hit the gargoyle but do no damage.
The gargoyle is lightly damaged.
The gargoyle hits you with a +0 flail! You block the gargoyle's attack.
You hit the gargoyle.
The gargoyle is moderately damaged.
You hit the sky beast.
The sky beast hits you but does no damage.
The gargoyle hurls a stone arrow at you.
The stone arrow hits you!!
You are too injured to fight recklessly!
You are too injured to fight recklessly!
You are too injured to fight recklessly!
Unknown command.
You hit the gargoyle.
The gargoyle is moderately damaged.
You closely miss the sky beast. You block the sky beast's attack.
The gargoyle hits you with a +0 flail!
* * * LOW HITPOINT WARNING * * *
You hit the gargoyle but do no damage.
The gargoyle is moderately damaged.
You completely miss the sky beast. You block the sky beast's attack.
The gargoyle hits you with a +0 flail!!
You die...

$.. ....... ... .....##
.... #.....# .....#....^
.<..#....# #.........
.......# .......... #9..#
.......... #.@.####
.......... #.Y....###
#............##........#
.....# ..#...#.<.....###
##....# #.......#..#....#
.....# #.....####.#...##
##..## #.............†#
##...####.....#........##
####.#.##...###.#..##...#


You could see a gargoyle and a sky beast.

Vanquished Creatures
  Grinder (D:3)
  4 yaks (D:6)
  A necrophage (D:5)
  A scorpion (D:5)
  A hound (D:3)
  Jessica (D:3)
  Ijyb (D:3)
  2 adders (D:2)
  2 dart slugs
  5 orcs (D:3)
  4 bats
  5 endoplasms
  A giant cockroach (D:3)
  5 goblins
  6 hobgoblins
  2 jackals (D:2)
  3 ball pythons
  5 frilled lizards
  5 kobolds (D:1)
  5 rats
60 creatures vanquished.

Notes
Turn   | Place    | Note
-------+----------+-------------------------------------------
     0 | D:1      | Ijustatesigmund the Demonspawn Fighter began the quest for
                  | the Orb.
     0 | D:1      | Reached XP level 1. HP: 18/18 MP: 1/1
    36 | D:1      | Reached skill level 2 in Axes
    65 | D:1      | Gained mutation: You regenerate magic rapidly. [demonic
                  | ancestry]
    65 | D:1      | Reached XP level 2. HP: 24/24 MP: 2/2
   535 | D:1      | Gained mutation: You are partially covered in sharp spines.
                  | [demonic ancestry]
   535 | D:1      | Reached XP level 3. HP: 27/29 MP: 3/3
   975 | D:2      | Reached skill level 3 in Axes
  1659 | D:3      | Noticed Jessica
  1665 | D:3      | Killed Jessica
  1666 | D:3      | Reached XP level 4. HP: 26/37 MP: 4/4
  1999 | D:3      | Noticed Ijyb
  2007 | D:3      | Paralysed by Ijyb for 4 turns
  2014 | D:3      | Killed Ijyb
  2045 | D:3      | Noticed Grinder
  2061 | D:3      | Paralysed by Grinder for 6 turns
  2088 | D:3      | Killed Grinder
  2089 | D:3      | Reached skill level 5 in Axes
  2089 | D:3      | Gained mutation: You have a pair of small antennae on your
                  | head. [demonic ancestry]
  2089 | D:3      | Reached XP level 5. HP: 43/43 MP: 5/5
  2089 | D:3      | Gained mutation: You have a pair of antennae on your head.
                  | [demonic ancestry]
  2089 | D:3      | Reached XP level 6. HP: 49/49 MP: 6/6
  2190 | D:3      | You fall into a shaft and drop 3 floors!
  2191 | D:6      | Identified a scroll of acquirement
  2191 | D:6      | Acquired a manual of Axes
  2220 | D:6      | Noticed a yak
  2221 | D:6      | Noticed a yak
  2273 | D:6      | Noticed a yak
  2275 | D:6      | Noticed a yak
  2297 | D:6      | Killed a yak
  2298 | D:6      | Reached skill level 5 in Fighting
  2298 | D:6      | Reached skill level 6 in Axes
  2299 | D:6      | Killed a yak
  2300 | D:6      | Reached skill level 7 in Axes
  2300 | D:6      | Gained mutation: You are mostly covered in sharp spines.
                  | [demonic ancestry]
  2300 | D:6      | Reached XP level 7. HP: 56/56 MP: 7/7
  2303 | D:6      | Killed a yak
  2309 | D:6      | Killed a yak
  2310 | D:6      | Reached skill level 8 in Axes
  2357 | D:5      | Entered Level 5 of the Dungeon
  2397 | D:5      | Reached XP level 8. HP: 64/64 MP: 8/8
  2413 | D:5      | Found a stormy altar of Qazlal.
  2416 | D:5      | Found a transporter.
  2426 | D:5      | Found a transporter.
  2469 | D:5      | Noticed a gargoyle
  2478 | D:5      | Mangled by a gargoyle

Illustrated notes

Levels and vault maps discovered:
D:1:      tarquinn_simple_flora_water_f, layout_basic, serial_park_tiny_pond
D:2:      layout_basic
D:3:      layout_loops_ring, hellmonk_ecumenical_altar_blasted,
          minmay_joined_circles, uniq_robin, uniq_terence, uniq_grinder,
          uniq_ijyb, uniq_jessica
D:5:      layout_cave_pools, gammafunk_temple_overflow_arena,
          minmay_temple_entry_slanted, portal_sewer_entry_f
D:6:      layout_basic

Skill      XL: |  1  2  3  4  5  6  7 |
---------------+----------------------+-----
Axes           | 2 3 5 7 8 |  8.9
Fighting       | 4 5 6 |  6.1
Armour         | |  2.8
Dodging        | |  0.4
Shields        | |  2.6

Action                   |  1- 3 |  4- 6 |  7- 9 || total
-------------------------+-------+-------+-------++-------
Melee: War axe           |    78 |    51 |    22 ||   151
  Use: Scroll            |     2 |     3 |     1 ||     6
       Potion            |       |     7 |       ||     7
Armor: Scale mail        |    41 |    10 |     4 ||    55
       Skin              |       |    13 |     5 ||    18
Dodge: Dodged            |    24 |    11 |     2 ||    37
Block: Kite shield       |    30 |    20 |     7 ||    57

Table legend: (Time is in decaauts)
 A = Elapsed time spent in this place.
 B = Non-inter-level travel time spent in this place.
 C = Inter-level travel time spent in this place.
 D = Time resting spent in this place.
 E = Time spent auto-exploring this place.
 F = Levels seen in this place.
 G = Mean time per level.
                   A        B        C        D        E       F      G
               +--------+--------+--------+--------+--------+-----+--------+
         Total |   2559 |   2500 |     59 |    318 |   1660 |   5 |  511.8 |
       Dungeon |   2559 |   2500 |     59 |    318 |   1660 |   5 |  511.8 |
               +--------+--------+--------+--------+--------+-----+--------+

Top non-repeatable levels by time:
     D:1: 847 daAuts
     D:2: 833 daAuts
     D:3: 578 daAuts
     D:6: 176 daAuts
     D:5: 123 daAuts
